 Dungeon Crawl Stone Soup version 0.29.1-12-g30fa7ad0bf (webtiles) character file.

Game seed: 357765599732274797

184 Sanktem7 the Trooper (level 5, -1/48 HPs)
             Began as a Minotaur Fighter on Dec 15, 2022.
             Killed from afar by a gnoll (8 damage)
             ... with an iceblast
             ... on level 4 of the Dungeon.
             The game lasted 00:03:40 (3524 turns).

Sanktem7 the Trooper (Minotaur Fighter)             Turns: 3524, Time: 00:03:40

Health: -1/48      AC:  9    Str: 22    XL:     5   Next: 36%
Magic:  4/4        EV:  7    Int:  5    God:
Gold:   207        SH:  4    Dex: 10    Spells: 4/4 levels left

rFire   . . .      SeeInvis .   a - +0 war axe {axe}
rCold   . . .      Faith    .   c - +0 buckler
rNeg    . . .      Spirit   .   i - +0 chain mail
rPois   .          Reflect  .   (helmet restricted)
rElec   .          Harm     .   (no cloak)
rCorr   .          Rampage  .   (no gloves)
Will    .....                   (no boots)
Stlth   ..........              (no amulet)
HPRegen 0.16/turn               (no ring)
MPRegen 0.09/turn               (no ring)

@: no status effects
A: horns 2, retaliatory headbutt
a: no special abilities


You were on level 4 of the Dungeon.
You visited 1 branch of the dungeon, and saw 4 of its levels.

You collected 207 gold pieces.


Innate Abilities, Weirdness & Mutations

You have a pair of horns on your head.
You reflexively headbutt those who attack you in melee.


   Skills:
 * Level 5.4 Fighting
 * Level 4.7 Axes
 + Level 4.5 Armour
 - Level 3.6 Shields


You had 4 spell levels left.
You didn't know any spells.
Your spell library contained the following spells:

 Spells                   Type           Power      Damage    Failure   Level
 Necrotise                Necr           0%         1d4       99%         1
 Slow                     Hex            0%         N/A       99%         1
 Blink                    Tloc           0%         N/A       100%        2
 Sublimation of Blood     Necr           0%         N/A       100%        2
 Wereblood                Tmut           0%         N/A       100%        2
 Confusing Touch          Hex            0%         N/A       100%        3
 Lesser Beckoning         Tloc           0%         N/A       100%        3
 Portal Projectile        Hex/Tloc       0%         N/A       100%        3
 Tukima's Dance           Hex            0%         N/A       100%        3
 Vampiric Draining        Necr           0%         2d6       100%        3
 Agony                    Necr           0%         N/A       100%        5
 Blade Hands              Tmut           0%         N/A       100%        5
 Manifold Assault         Tloc           0%         N/A       100%        5
 Summon Hydra             Summ           0%         N/A       100%        7

Inventory:

Hand Weapons
 a - a +0 war axe (weapon) {axe}
Missiles
 g - 14 stones (quivered) {throwing}
Armour
 c - a +0 buckler (worn)
 i - a +0 chain mail (worn)
   (You found it on level 1 of the Dungeon)
Wands
 t - a wand of polymorph (8)
   (You found it on level 3 of the Dungeon)
Scrolls
 e - 8 scrolls of identify {unknown}
 f - 2 scrolls of teleportation {unknown}
 j - a scroll of enchant armour {unknown}
 l - a scroll of acquirement {unknown}
 m - 2 scrolls of noise {unknown}
 o - a scroll of enchant weapon {unknown}
 p - a scroll of fog {unknown}
 q - a scroll of blinking {unknown}
 s - 2 scrolls of amnesia {unknown}
 u - a scroll of vulnerability {unknown}
 w - a scroll of summoning {unknown}
Potions
 b - 2 potions of haste {unknown}
 d - a potion of might
 h - a potion of lignification {unknown}
 k - a potion of resistance {unknown}
 n - a potion of degeneration {unknown}
 r - a potion of brilliance {unknown}
 v - a potion of mutation {unknown}

Dungeon Overview and Level Annotations

Branches:
Dungeon (4/15) Zot: 20420
 Temple: D:4-7

Altars:

Shops:
D:2

= )..########.#
###########.####.#
.................#
.##########.######
.# #.# .# #.# .#
#.### .#
#...###########.
.#
###.g)@.........
## #..#########..
# #..# # #.g######
# #.†...(...
#.....g......#
#.........##..#
#..####.### ..
##### #. #.#


You could see a gnoll.


Message History

Your mp is fully restored (4).
Key pressed, stopping explore.
Items here: )) [[ †.
Things that are here:
a +0 flail {mace}; a +0 leather armour; an orc corpse You see here a +0 dagger {short}.
You now have 188 gold pieces (gained 15).
You now have 207 gold pieces (gained 19).
An endoplasm comes into view.
The endoplasm quivers. 😎 HP[+29]
Your hp is fully restored (48).
An endoplasm is nearby!
An endoplasm is nearby!
A worm comes into view.
You slash the endoplasm!
You kill the endoplasm!
A ball python comes into view.
The ball python hisses angrily. 2 gnolls come into view.
The gnoll shouts!
You hit the worm.
A gnoll comes into view. It is wielding a +0 club.
You block the worm's attack.
You hit the worm.
A gnoll comes into view.
It is wielding a +0 whip and carrying a wand of iceblast (8).
You block the ball python's attack. The ball python grabs you.
The ball python constricts you. The worm bites you. 😕 HP[-6]
You take 6 damage, and now have 42/48 hp.
You escape the ball python's grasp.
The gnoll shouts!
The ball python barely misses you. You block the ball python's attack.
You slash the ball python!
You kill the ball python! 😕 HP[+1] 😕 HP[+1]
You slash the worm! You block the worm's attack.
You barely miss the worm. Your headbutt misses the worm.
The worm bites you! 😮 HP[-9]
You take 9 damage, and now have 35/48 hp.
You hit the worm. Your headbutt misses the worm. 😮 HP[+1]
You barely miss the worm. The worm bites you. 😮 HP[-5]
You take 5 damage, and now have 31/48 hp.
You slash the worm!
You kill the worm!
The gnoll hits you with a +0 whip. 😮 HP[-6]
You take 6 damage, and now have 25/48 hp.
You closely miss the gnoll. Your headbutt misses the gnoll.
The gnoll hits you but does no damage.
You barely miss the gnoll. The gnoll hits you but does no damage.
You closely miss the gnoll. You headbutt the gnoll.
The gnoll barely misses you. 😮 HP[+1] Unknown command.
You barely miss the gnoll.
You headbutt the gnoll, but do no damage.
The gnoll hits you but does no damage. The gnoll completely misses you.
You furiously retaliate!
You headbutt the gnoll. You closely miss the gnoll.
You block the gnoll's attack.
You barely miss the gnoll. The gnoll completely misses you.
You slash the gnoll!
You kill the gnoll!
The gnoll barely misses you. You furiously retaliate!
You headbutt the gnoll, but do no damage.
You hit the gnoll. Your headbutt misses the gnoll.
You block the gnoll's attack. The gnoll hits you with a +0 club.
* * * LOW HITPOINT WARNING * * *
😨 HP[-3]
You take 3 damage, and now have 23/48 hp.
You slash the gnoll!
The gnoll hits you from afar with a +0 spear.
* * * LOW HITPOINT WARNING * * *
You block the gnoll's attack.
You barely miss the gnoll.
The gnoll hits you from afar with a +0 spear.
* * * LOW HITPOINT WARNING * * *
The gnoll barely misses you.
The gnoll hits you from afar with a +0 spear.
* * * LOW HITPOINT WARNING * * *
You block the gnoll's attack. 😨 HP[-9]
You take 9 damage, and now have 14/48 hp.
You slash the gnoll!
You kill the gnoll!
The gnoll hits you from afar with a +0 spear.
* * * LOW HITPOINT WARNING * * *
The gnoll hits you but does no damage.
Items here: )) ††.
You slash the gnoll! The gnoll hits you with a +0 spear!
* * * LOW HITPOINT WARNING * * *
You slash the gnoll!
You kill the gnoll!
The gnoll zaps a wand.
The mass of ice explodes!
The iceblast engulfs you!
You die...

Skill      XL: |  1  2  3  4 |
---------------+-------------+-----
Fighting       | 4 5 |  5.4
Axes           | 3 4 |  4.7
Armour         | 4 |  4.5
Shields        | |  3.6

Action                   |  1- 3 |  4- 6 || total
-------------------------+-------+-------++-------
Melee: War axe           |    69 |    85 ||   154
       Headbutt          |     8 |    14 ||    22
Armor: Scale mail        |    20 |       ||    20
       Chain mail        |    23 |    33 ||    56
Dodge: Dodged            |    32 |    30 ||    62
Block: Buckler           |    15 |    20 ||    35

Levels and vault maps discovered:
D:1:      wander_arrival_lonely_grave, layout_loops_corners, patterned_corridor
D:2:      layout_basic, shapermc_ecumenical_altar_flowoftime, serial_shops,
          nicolae_diamond_shop, minmay_pentomino_u2
D:3:      layout_basic, kennysheep_path_1, lightli_corner_chamber
D:4:      kennysheep_the_goblin_king, layout_loops_ring

Notes
Turn   | Place    | Note
-------+----------+-------------------------------------------
     0 | D:1      | Sanktem7 the Minotaur Fighter began the quest for the Orb.
     0 | D:1      | Reached XP level 1. HP: 19/19 MP: 0/0
     0 | D:1      | magus.rc [v1.9.6]
   164 | D:1      | Reached XP level 2. HP: 23/27 MP: 1/1
   248 | D:1      | Reached skill level 4 in Fighting
   340 | D:1      | Reached skill level 3 in Axes
   595 | D:1      | You pick up a book of Debilitation and begin reading...
   595 | D:1      | You add the spells Slow, Vampiric Draining and Confusing
                  | Touch to your library.
  1175 | D:2      | Reached XP level 3. HP: 33/33 MP: 2/2
  1207 | D:2      | Reached skill level 4 in Armour
  1382 | D:2      | You pick up a book of Blood and begin reading...
  1382 | D:2      | You add the spells Sublimation of Blood, Wereblood and
                  | Summon Hydra to your library.
  1646 | D:2      | You pick up a book of Spatial Translocations and begin
                  | reading...
  1646 | D:2      | You add the spells Blink, Lesser Beckoning and Manifold
                  | Assault to your library.
  1739 | D:2      | Found Xoorph's Jewellery Boutique.
  1757 | D:2      | Reached XP level 4. HP: 41/41 MP: 3/3
  1773 | D:2      | Found a faded altar of an unknown god.
  1867 | D:2      | You pick up a book of Weapons and begin reading...
  1867 | D:2      | You add the spells Tukima's Dance, Portal Projectile and
                  | Blade Hands to your library.
  2064 | D:2      | Reached skill level 4 in Axes
  2422 | D:3      | Reached skill level 5 in Fighting
  3086 | D:4      | You pick up a book of Necromancy and begin reading...
  3086 | D:4      | You add the spells Necrotise and Agony to your library.
  3274 | D:4      | Reached XP level 5. HP: 19/48 MP: 4/4
  3523 | D:4      | HP: 7/48 [gnoll/+0 spear (7)]
  3524 | D:4      | Killed from afar by a gnoll

Vanquished Creatures
  An orc wizard (D:4)
  5 adders
  4 gnolls
  3 worms
  2 dart slugs
  5 orcs
  A bat (D:3)
  9 endoplasms
  4 giant cockroaches
  3 goblins
  6 hobgoblins
  4 jackals
  4 kobolds
  2 quokkas (D:1)
  8 ball pythons
  3 frilled lizards
  2 rats
66 creatures vanquished.

Vanquished Creatures (others)
  A withered plant (D:2)
1 creature vanquished.

Grand Total: 67 creatures vanquished

Table legend:
 A = Non-vault XP
 B = Vault XP
 C = Vault XP percentage of total XP
 D = Non-vault monster count
 E = Vault monster count
 F = Vault count percentage of total count
                 A         B        C        D         E       F
            +---------+---------+-------+---------+---------+-------
      Total |     262 |      16 |   5.8 |      64 |       2 |   3.0
            +---------+---------+-------+---------+---------+-------
        D:1 |      39 |       0 |   0.0 |      22 |       0 |   0.0
        D:2 |      71 |      16 |  18.4 |      19 |       2 |   9.5
        D:3 |      34 |       0 |   0.0 |       8 |       0 |   0.0
        D:4 |     118 |       0 |   0.0 |      15 |       0 |   0.0
            +---------+---------+-------+---------+---------+-------

Illustrated notes

Table legend:
 A = Kills in this place as a percentage of kills in entire the game.
 B = Kills by you in this place as a percentage of kills by you in the entire game.
 C = Kills by friends in this place as a percentage of kills by friends in the entire game.
 D = Other kills in this place as a percentage of other kills in the entire game.
 E = Experience gained in this place as a percentage of experience gained in the entire game.
 F = Experience gained in this place divided by the number of levels of this place that you have seen.
                   A       B       C       D       E      F
               +-------+-------+-------+-------+-------+----------------------
         Total | 100.0 | 100.0 |   N/A |   N/A | 100.0 |  69.5
       Dungeon | 100.0 | 100.0 |   N/A |   N/A | 100.0 |  69.5
               +-------+-------+-------+-------+-------+----------------------

Table legend: (Time is in decaauts)
 A = Elapsed time spent in this place.
 B = Non-inter-level travel time spent in this place.
 C = Inter-level travel time spent in this place.
 D = Time resting spent in this place.
 E = Time spent auto-exploring this place.
 F = Levels seen in this place.
 G = Mean time per level.
                   A        B        C        D        E       F      G
               +--------+--------+--------+--------+--------+-----+--------+
         Total |   3578 |   3499 |     79 |      0 |   3080 |   4 |  894.5 |
       Dungeon |   3578 |   3499 |     79 |      0 |   3080 |   4 |  894.5 |
               +--------+--------+--------+--------+--------+-----+--------+

Top non-repeatable levels by time:
     D:2: 1134 daAuts
     D:1: 1129 daAuts
     D:3: 835 daAuts
     D:4: 478 daAuts
